 Dungeon Crawl Stone Soup version 0.30-a0-808-g6e0788376e (webtiles) character file.

Game seed: 9840984880627652930

877 cforsyth the Covert (level 8, 0/49 HPs)
             Began as a Kobold Brigand on Feb 27, 2023.
             Slain by Duvessa
             ... wielding a +0 short sword
              (14 damage)
             ... on level 5 of the Dungeon.
             The game lasted 00:07:00 (5765 turns).

cforsyth the Covert (Kobold Brigand)                Turns: 5765, Time: 00:07:00

Health: 0/49       AC:  4    Str:  9    XL:     8   Next: 25%
Magic:  8/8        EV: 17    Int: 12    God:
Gold:   187        SH:  0    Dex: 18    Spells: 7/7 levels left

rFire   . . .      SeeInvis .    a - +2 dagger (heavy)
rCold   . . .      Faith    .    (no shield)
rNeg    . . .      Spirit   .    b - +0 robe
rPois   .          Reflect  .    t - +0 helmet
rElec   .          Harm     .    c - +0 cloak
rCorr   .          Rampage  .    (no gloves)
Will    .....                    (no boots)
Stlth   +++++                    (no amulet)
HPRegen 0.28/turn                (no ring)
MPRegen 0.11/turn                (no ring)

@: studying Stealth
A: small, no large weapons, nightstalker 3
a: no special abilities


You were on level 5 of the Dungeon.
You visited 1 branch of the dungeon, and saw 5 of its levels.

You collected 187 gold pieces.

Inventory:

Hand Weapons
 a - a +2 heavy dagger (weapon)
Missiles
 d - 15 poisoned darts (quivered)
 e - 3 curare-tipped darts
Armour
 b - a +0 robe (worn)
 c - a +0 cloak (worn)
 t - a +0 helmet (worn)
Jewellery
 s - a ring of see invisible
Wands
 u - a wand of flame (26)
Scrolls
 h - 2 scrolls of amnesia
 k - a scroll of torment
 l - a scroll of immolation
 n - a scroll of identify
 o - a scroll of enchant armour
 p - a scroll of fear
 q - 2 scrolls of silence


   Skills:
 + Level 5.2 Fighting
 + Level 6.3 Short Blades
 - Level 2.1 Throwing
 + Level 5.3 Dodging
 + Level 9.1 Stealth


You had 7 spell levels left.
You didn't know any spells.
Your spell library contained the following spells:

 Spells                   Type           Power      Damage    Failure   Level
 Apportation              Tloc           0%         N/A       32%         1
 Kiss of Death            Conj/Necr      0%         2d5       32%         1
 Necrotise                Necr           0%         1d4       32%         1
 Sting                    Tmut/Pois      0%         1d3       32%         1
 Summon Small Mammal      Summ           0%         N/A       32%         1
 Blink                    Tloc           0%         N/A       45%         2
 Cigotuvi's Dreadful Rot  Necr/Pois/Air  0%         N/A       45%         2
 Lesser Beckoning         Tloc           0%         N/A       45%         2
 Momentum Strike          Conj/Tloc      0%         3d8       45%         2
 Poisonous Vapours        Pois/Air       0%         N/A       45%         2
 Confusing Touch          Hex            0%         N/A       69%         3
 Mephitic Cloud           Conj/Pois/Air  0%         N/A       69%         3
 Dispel Undead            Necr           0%         3d6       97%         4
 Olgreb's Toxic Radiance  Pois           0%         N/A       97%         4
 Alistair's Intoxication  Tmut/Pois      0%         N/A       100%        5


Dungeon Overview and Level Annotations

Branches:
Dungeon (5/15)
 Temple: D:4-7

Altars:
Fedhas
Makhleb
Sif Muna

Shops:
D:3 ?:

Annotations:
D:5 Blork the orc, Duvessa


Innate Abilities, Weirdness & Mutations

You are small and have problems with some larger weapons.
You are completely attuned to the shadows.


Message History

You are too injured to fight recklessly!
You are too injured to fight recklessly!
You are too injured to fight recklessly!
You hit the gnoll.
You kill the gnoll!
The gnoll attacks as you move away! The gnoll misses you.
You hear a shout! x2
You are too injured to fight recklessly!
You hit the gnoll.
The gnoll is moderately wounded.
The gnoll sergeant hits you from afar with a +0 vampiric spear!
* * * LOW HITPOINT WARNING * * *
You hear a shout!
You hear a shout!
You hit the gnoll.
The gnoll is heavily wounded.
The gnoll barely misses you.
You hit the gnoll.
The gnoll is severely wounded.
You hit the gnoll but do no damage.
The gnoll is severely wounded.
The gnoll barely misses you. x2; The gnoll sergeant barely misses you.
You hit the gnoll.
The gnoll is almost dead.
The gnoll completely misses you. The gnoll closely misses you.
The gnoll sergeant closely misses you.
You hit the gnoll.
You kill the gnoll!
You hear a shout!
As you read the scroll of fear, it crumbles to dust.
You assume a fearsome visage.
Duvessa is unaffected.
The gnoll sergeant looks frightened!
The gnoll looks frightened!
Duvessa rages.
An orc wizard comes into view.
It is wielding a +0 dagger of electrocution.
You see here a +0 flail.
As you read the scroll of brand weapon, it crumbles to dust.
Your +2 dagger becomes incredibly heavy!
a - a +2 heavy dagger (weapon)
Duvessa hits you with a +0 short sword!
You die...

##...##....#
.......
#...##....#
......e
#....##....#
##...##
#..........#
#...##
#$....g....#
#....#
#.........g#
#....#
#.........g+
....)#.e...#
######@....
#.#### ###


You could see Duvessa (berserk), 2 gnoll sergeants and a gnoll (fleeing).

Vanquished Creatures
  Grinder (D:4)
  Sigmund (D:5)
  A necrophage (D:5)
  A scorpion (D:5)
  Dowan (D:5)
  A howler monkey (D:4)
  A hound (D:4)
  A jelly (D:5)
  Ijyb (D:4)
  Robin (D:4)
  2 gnolls (D:5)
  9 adders
  2 shadow imps (D:5)
  A worm (D:2)
  2 dart slugs
  7 orcs
  9 endoplasms
  3 giant cockroaches
  14 goblins
  7 hobgoblins
  5 quokkas
  5 ball pythons
  5 bats
  A frilled lizard (D:3)
  3 kobolds
  4 rats
89 creatures vanquished.

Vanquished Creatures (others)
  A plant (D:3)
1 creature vanquished.

Grand Total: 90 creatures vanquished

Notes
Turn   | Place    | Note
-------+----------+-------------------------------------------
     0 | D:1      | cforsyth the Kobold Brigand began the quest for the Orb.
     0 | D:1      | Reached XP level 1. HP: 12/12 MP: 1/1
   299 | D:1      | Reached XP level 2. HP: 18/18 MP: 2/2
   810 | D:1      | Found a faded altar of an unknown god.
   898 | D:1      | Reached XP level 3. HP: 22/22 MP: 3/3
  1920 | D:2      | Reached skill level 6 in Stealth
  1920 | D:2      | Reached XP level 4. HP: 27/27 MP: 4/4
  2122 | D:3      | Found Usteigish's Magic Scroll Boutique.
  2439 | D:3      | Found Anav's Book Shoppe.
  2583 | D:3      | Found a shimmering blue altar of Sif Muna.
  2593 | D:3      | Reached XP level 5. HP: 28/32 MP: 5/5
  3106 | D:3      | Found a burning altar of Makhleb.
  3526 | D:4      | Noticed Robin
  3586 | D:4      | Killed Robin
  4131 | D:4      | Noticed Ijyb
  4135 | D:4      | Killed Ijyb
  4136 | D:4      | Reached XP level 6. HP: 38/38 MP: 6/6
  4329 | D:4      | Noticed Grinder
  4354 | D:4      | Paralysed by Grinder for 4 turns
  4363 | D:4      | Killed Grinder
  4364 | D:4      | Reached skill level 5 in Short Blades
  4364 | D:4      | Reached skill level 7 in Stealth
  4364 | D:4      | Reached XP level 7. HP: 11/44 MP: 7/7
  4933 | D:5      | Entered Level 5 of the Dungeon
  4951 | D:5      | Identified a scroll of acquirement
  4955 | D:5      | Acquired a manual of Stealth
  5196 | D:5      | Found a blossoming altar of Fedhas.
  5253 | D:5      | Noticed Sigmund
  5257 | D:5      | Killed Sigmund
  5258 | D:5      | Reached skill level 5 in Fighting
  5258 | D:5      | Reached skill level 5 in Dodging
  5258 | D:5      | Reached skill level 8 in Stealth
  5258 | D:5      | Reached XP level 8. HP: 49/49 MP: 8/8
  5319 | D:5      | Noticed Dowan
  5322 | D:5      | Noticed Duvessa
  5323 | D:5      | Killed Dowan
  5548 | D:5      | Noticed Blork the orc
  5559 | D:5      | HP: 2/49 [Duvessa/+0 short sword (6)]
  5740 | D:5      | Reached skill level 9 in Stealth
  5765 | D:5      | Slain by Duvessa

Illustrated notes

Levels and vault maps discovered:
D:1:      saegor_arrival_simple_c, layout_basic,
          dreamdust_ecumenical_altar_hidden_monk_grotto
D:2:      layout_loops_corners, amcnicky_mini_corridor_feature
D:3:      layout_loops_corners, lemuel_coloured_pillars_altar,
          mainiacjoe_overflow_alcove_1, serial_shops, nicolae_shop_waterfront,
          shop, chequers_serial_rivers_large_a, fountainhead,
          serial_bayou_crossing
D:4:      layout_layer_cave, uniq_ijyb, uniq_grinder, uniq_robin
D:5:      layout_gridville, mainiacjoe_overflow_24_doors, uniq_duvessa,
          uniq_sigmund, uniq_prince_ribbit1, uniq_blork_the_orc

Skill      XL: |  1  2  3  4  5  6  7  8 |
---------------+-------------------------+-----
Short Blades   | 3 4 5 6 |  6.3
Dodging        | 2 3 4 5 |  5.3
Stealth        | 6 7 8 9 |  9.1
Fighting       | 3 4 5 |  5.2
Throwing       | |  2.1

Action                     |  1- 3 |  4- 6 |  7- 9 || total
---------------------------+-------+-------+-------++-------
  Melee: Dagger            |    83 |   158 |    69 ||   310
         Punch             |     1 |     2 |       ||     3
  Evoke: Wand              |       |       |     1 ||     1
    Use: Potion            |       |     4 |       ||     4
         Scroll            |       |       |    14 ||    14
   Stab: Sleeping          |    21 |    12 |    10 ||    43
         Distracted        |     1 |       |       ||     1
 Armour: Robe              |    22 |    14 |     4 ||    40
         Skin              |       |     2 |       ||     2
  Dodge: Dodged            |    51 |   103 |    48 ||   202

Table legend: (Time is in decaauts)
 A = Elapsed time spent in this place.
 B = Non-inter-level travel time spent in this place.
 C = Inter-level travel time spent in this place.
 D = Time resting spent in this place.
 E = Time spent auto-exploring this place.
 F = Levels seen in this place.
 G = Mean time per level.
                   A        B        C        D        E       F      G
               +--------+--------+--------+--------+--------+-----+--------+
         Total |   5719 |   5611 |    108 |    830 |   4081 |   5 | 1143.8 |
       Dungeon |   5719 |   5611 |    108 |    830 |   4081 |   5 | 1143.8 |
               +--------+--------+--------+--------+--------+-----+--------+

Top non-repeatable levels by time:
     D:3: 1495 daAuts
     D:4: 1324 daAuts
     D:1: 1181 daAuts
     D:2: 915 daAuts
     D:5: 802 daAuts
